| TOP OF THE 1ST |
|
Chicago (NYP) White Sox batting - Pitching for Vermont Lake Monsters : RHP Zach Monlux
|
|
Pitching: RHP Zach Monlux
|
|
|
Batting: RHB Rafael Medina
|
0-0: Foul Ball, location: 2F 0-1: Ground out 3-1 (Groundball, 34, EV 91.9 MPH)
|
|
Batting: SHB Danny Gallegos
|
0-0: Ball 1-0: Fly out, F8 (Flyball, 8LM, EV 88.1 MPH)
|
|
Batting: LHB Anthony Mosley
|
0-0: Ball 1-0: SINGLE (Line Drive, 4MD, EV 108.8 MPH)
|
|
Batting: RHB Jeremy Lewis
|
0-0: Ball 1-0: Ball 2-0: Ball 3-0: Base on Balls Anthony Mosley to second
|
|
Batting: RHB Steve Byerly
|
0-0: Called Strike 0-1: Swinging Strike 0-2: Fielders Choice at 2nd, 5-4 (Groundball, 56, EV 108.1 MPH)
|
| Top of the 1st over - 0 runs, 1 hit, 0 errors, 2 left on base; Chicago (NYP) 0 - Vermont 0 |
| BOTTOM OF THE 1ST |
|
Vermont Lake Monsters batting - Pitching for Chicago (NYP) White Sox : RHP Eddie Usrey
|
|
Pitching: RHP Eddie Usrey
|
|
|
Batting: SHB Steve Salafia
|
0-0: Ground out 6-3 (Groundball, 6M, EV 109.4 MPH)
|
|
Batting: RHB Amare Brown
|
0-0: Ball 1-0: Called Strike 1-1: Ground out 6-3 (Groundball, 6, EV 87.5 MPH)
|
|
Batting: RHB Tetsuya Shinoda
|
0-0: Fly out, F8 (Flyball, 8RD, EV 97.5 MPH)
|
| Bottom of the 1st over - 0 runs, 0 hits, 0 errors, 0 left on base; Chicago (NYP) 0 - Vermont 0 |
| TOP OF THE 2ND |
|
Chicago (NYP) White Sox batting - Pitching for Vermont Lake Monsters : RHP Zach Monlux
|
|
Batting: RHB Shintaro Katsumata
|
0-0: Called Strike 0-1: Swinging Strike 0-2: Ground out 6-3 (Groundball, 56, EV 87.5 MPH)
|
|
Batting: RHB Sean Peake
|
0-0: Ball 1-0: SINGLE (Line Drive, 5D, EV 105.0 MPH)
|
|
Batting: RHB Yorkis Saiki
|
0-0: Ball 1-0: Ground out 5-3 (Groundball, 56S, EV 77.5 MPH) Sean Peake to second
|
|
Batting: RHB Ighlas Mwara
|
0-0: Ball 1-0: Ground out 5-3 (Groundball, 56S, EV 65.0 MPH)
|
| Top of the 2nd over - 0 runs, 1 hit, 0 errors, 1 left on base; Chicago (NYP) 0 - Vermont 0 |
| BOTTOM OF THE 2ND |
|
Vermont Lake Monsters batting - Pitching for Chicago (NYP) White Sox : RHP Eddie Usrey
|
|
Batting: LHB Alejandro Muniz
|
0-0: Ground out 6-3 (Groundball, 6, EV 89.4 MPH)
|
|
Batting: RHB Edgardo Rivera
|
0-0: Called Strike 0-1: SINGLE (Groundball, 4MD, EV 105.0 MPH)
|
|
Batting: LHB Felipe Gomez
|
0-0: Ball 1-0: Fielders Choice at 2nd, 4-6 (Groundball, 4S, EV 83.1 MPH)
|
|
Batting: RHB Ryan Jennings
|
0-0: Ball 1-0: Foul Ball, location: 2F 1-1: Fly out, F9 (Flyball, 9, EV 88.8 MPH)
|
| Bottom of the 2nd over - 0 runs, 1 hit, 0 errors, 1 left on base; Chicago (NYP) 0 - Vermont 0 |
| TOP OF THE 3RD |
|
Chicago (NYP) White Sox batting - Pitching for Vermont Lake Monsters : RHP Zach Monlux
|
|
Batting: RHB Rafael Medina
|
0-0: Ball 1-0: Ball 2-0: Ball 3-0: Called Strike 3-1: Ground out U3 (Groundball, 3, EV 81.2 MPH)
|
|
Batting: SHB Danny Gallegos
|
0-0: Ball 1-0: Ground out 5-3 (Groundball, 5, EV 87.5 MPH)
|
|
Batting: LHB Anthony Mosley
|
0-0: Called Strike 0-1: Swinging Strike 0-2: Ball 1-2: Foul Ball, location: 2F 1-2: Ball 2-2: Foul Ball, location: 2F 2-2: Ball 3-2: Foul Ball, location: 2F 3-2: Foul Ball, location: 2F 3-2: Fly out, F8 (Line Drive, 8RD, EV 83.1 MPH)
|
| Top of the 3rd over - 0 runs, 0 hits, 0 errors, 0 left on base; Chicago (NYP) 0 - Vermont 0 |
| BOTTOM OF THE 3RD |
|
Vermont Lake Monsters batting - Pitching for Chicago (NYP) White Sox : RHP Eddie Usrey
|
|
Batting: SHB Mike Kirk
|
0-0: Called Strike 0-1: Ball 1-1: Foul Ball, location: 2F 1-2: Ball 2-2: Ground out 5-3 (Groundball, 56, EV 88.1 MPH)
|
|
Batting: RHB Ricardo Claros
|
0-0: Ball 1-0: SINGLE (Groundball, 56D, EV 104.4 MPH)
|
|
Batting: SHB Steve Salafia
|
0-0: Foul Ball, location: 2F 0-1: Fielders Choice at 2nd, 6-4 (Groundball, 6, EV 105.6 MPH)
|
|
Batting: RHB Amare Brown
|
0-0: Called Strike 0-1: Ball 1-1: Foul Ball, location: 2F 1-2: Strikes out swinging
|
| Bottom of the 3rd over - 0 runs, 1 hit, 0 errors, 1 left on base; Chicago (NYP) 0 - Vermont 0 |
| TOP OF THE 4TH |
|
Chicago (NYP) White Sox batting - Pitching for Vermont Lake Monsters : RHP Zach Monlux
|
|
Batting: RHB Jeremy Lewis
|
0-0: Ball 1-0: Called Strike 1-1: Ball 2-1: Fly out, F7 (Flyball, 7, EV 91.2 MPH)
|
|
Batting: RHB Steve Byerly
|
0-0: Ground out U3 (Groundball, 34, EV 81.9 MPH)
|
|
Batting: RHB Shintaro Katsumata
|
0-0: Called Strike 0-1: Foul Ball, location: 2F 0-2: Foul Ball, location: 2F 0-2: Ball 1-2: Strikes out looking
|
| Top of the 4th over - 0 runs, 0 hits, 0 errors, 0 left on base; Chicago (NYP) 0 - Vermont 0 |
| BOTTOM OF THE 4TH |
|
Vermont Lake Monsters batting - Pitching for Chicago (NYP) White Sox : RHP Eddie Usrey
|
|
Batting: RHB Tetsuya Shinoda
|
0-0: Ball 1-0: Fly out, F8 (Flyball, 8RM, EV 78.1 MPH)
|
|
Batting: LHB Alejandro Muniz
|
0-0: Ball 1-0: Foul Ball, location: 2F 1-1: Ball 2-1: Called Strike 2-2: Ground out 6-3 (Groundball, P, EV 86.2 MPH)
|
|
Batting: RHB Edgardo Rivera
|
0-0: Ball 1-0: Ground out 5-3 (Groundball, 5D, EV 81.9 MPH)
|
| Bottom of the 4th over - 0 runs, 0 hits, 0 errors, 0 left on base; Chicago (NYP) 0 - Vermont 0 |
| TOP OF THE 5TH |
|
Chicago (NYP) White Sox batting - Pitching for Vermont Lake Monsters : RHP Zach Monlux
|
|
Batting: RHB Sean Peake
|
0-0: Ball 1-0: Ball 2-0: Called Strike 2-1: Ball 3-1: SINGLE (Groundball, 4MD, EV 98.8 MPH)
|
|
Batting: RHB Yorkis Saiki
|
0-0: Called Strike 0-1: Swinging Strike 0-2: Ball 1-2: Strikes out looking
|
|
Batting: RHB Ighlas Mwara
|
0-0: Ball Sean Peake steals 2nd base (no throw) 1-0: Ball 2-0: Ball 3-0: Base on Balls
|
|
Batting: RHB Rafael Medina
|
0-0: Called Strike 0-1: Called Strike Sean Peake steals 3rd base Ighlas Mwara to second 0-2: Ball 1-2: Foul Ball, location: 2F 1-2: Foul Ball, location: 2F 1-2: Ball 2-2: Ball 3-2: Base on Balls
|
|
Batting: SHB Danny Gallegos
|
0-0: Ball 1-0: Foul Ball, location: 2F 1-1: Foul Ball, location: 2F 1-2: Foul Ball, location: 2F 1-2: Strikes out looking
|
|
Batting: LHB Anthony Mosley
|
0-0: Swinging Strike 0-1: Foul Ball, location: 2F 0-2: Ground out 4-3 (Groundball, 4, EV 85.0 MPH)
|
| Top of the 5th over - 0 runs, 1 hit, 0 errors, 3 left on base; Chicago (NYP) 0 - Vermont 0 |
| BOTTOM OF THE 5TH |
|
Vermont Lake Monsters batting - Pitching for Chicago (NYP) White Sox : RHP Eddie Usrey
|
|
Batting: LHB Felipe Gomez
|
0-0: Ball 1-0: Called Strike 1-1: Ball 2-1: Fly out, F7 (Flyball, 78S, EV 91.2 MPH)
|
|
Batting: RHB Ryan Jennings
|
0-0: Ball 1-0: Swinging Strike 1-1: Foul Ball, location: 2F 1-2: Strikes out swinging
|
|
Batting: SHB Mike Kirk
|
0-0: Ball 1-0: Ground out 5-3 (Groundball, 56, EV 84.4 MPH)
|
| Bottom of the 5th over - 0 runs, 0 hits, 0 errors, 0 left on base; Chicago (NYP) 0 - Vermont 0 |
| TOP OF THE 6TH |
|
Chicago (NYP) White Sox batting - Pitching for Vermont Lake Monsters : RHP Zach Monlux
|
|
Batting: RHB Jeremy Lewis
|
0-0: Ball 1-0: Fly out, F7 (Line Drive, 7, EV 84.4 MPH)
|
|
Batting: RHB Steve Byerly
|
0-0: Reached via error on a dropped throw from 1B, E1 (Groundball, 34S, EV 88.1 MPH)
|
|
Batting: RHB Shintaro Katsumata
|
0-0: Ball 1-0: Ball 2-0: Called Strike 2-1: Called Strike 2-2: Ball 3-2: Strikes out looking
|
|
Batting: RHB Sean Peake
|
0-0: Foul Ball, location: 2F 0-1: Ball 1-1: DOUBLE (Flyball, 8LXD, EV 106.9 MPH) Steve Byerly to third Runner from 3rd tries for Home, SAFE, no throw by CF
|
|
Pitching: LHP Steve Lima
|
|
|
Batting: RHB Yorkis Saiki
|
0-0: Foul Ball, location: 2F 0-1: Ball 1-1: Swinging Strike 1-2: Ball 2-2: Ball 3-2: Foul Ball, location: 2F 3-2: Strikes out looking
|
| Top of the 6th over - 1 run, 1 hit, 1 error, 1 left on base; Chicago (NYP) 1 - Vermont 0 |
| BOTTOM OF THE 6TH |
|
Vermont Lake Monsters batting - Pitching for Chicago (NYP) White Sox : RHP Eddie Usrey
|
|
Batting: RHB Ricardo Claros
|
0-0: Swinging Strike 0-1: Fly out, F8 (Flyball, 8RM, EV 85.6 MPH)
|
|
Batting: SHB Steve Salafia
|
0-0: Ball 1-0: Called Strike 1-1: Called Strike 1-2: Ball 2-2: Strikes out swinging
|
|
Batting: RHB Amare Brown
|
0-0: Swinging Strike 0-1: Fly out, F3 (Line Drive, 34, EV 69.4 MPH)
|
| Bottom of the 6th over - 0 runs, 0 hits, 0 errors, 0 left on base; Chicago (NYP) 1 - Vermont 0 |
| TOP OF THE 7TH |
|
Chicago (NYP) White Sox batting - Pitching for Vermont Lake Monsters : LHP Steve Lima
|
|
Batting: RHB Ighlas Mwara
|
0-0: Ground out 4-3 (Groundball, 4, EV 101.9 MPH)
|
|
Batting: RHB Rafael Medina
|
0-0: Called Strike 0-1: Ball 1-1: Swinging Strike 1-2: Ball 2-2: SINGLE (Groundball, 5S, EV 69.4 MPH) (infield hit)
|
|
Batting: SHB Danny Gallegos
|
0-0: Ball 1-0: Ball 2-0: Called Strike 2-1: Foul Ball, location: 2F 2-2: Ball 3-2: Foul Ball, location: 2F 3-2: Strikes out swinging Rafael Medina is caught stealing 2nd base 2-4 Batter strikes out.
|
| Top of the 7th over - 0 runs, 1 hit, 0 errors, 0 left on base; Chicago (NYP) 1 - Vermont 0 |
| BOTTOM OF THE 7TH |
|
Vermont Lake Monsters batting - Pitching for Chicago (NYP) White Sox : RHP Eddie Usrey
|
|
Batting: RHB Tetsuya Shinoda
|
0-0: Called Strike 0-1: Ball 1-1: Fly out, F9 (Line Drive, 89M, EV 96.9 MPH)
|
|
Batting: LHB Alejandro Muniz
|
0-0: Ball 1-0: Foul Ball, location: 2F 1-1: Fly out, F9 (Flyball, 89M, EV 73.8 MPH)
|
|
Batting: RHB Edgardo Rivera
|
0-0: Called Strike 0-1: Called Strike 0-2: Strikes out swinging
|
| Bottom of the 7th over - 0 runs, 0 hits, 0 errors, 0 left on base; Chicago (NYP) 1 - Vermont 0 |
| TOP OF THE 8TH |
|
Chicago (NYP) White Sox batting - Pitching for Vermont Lake Monsters : LHP Steve Lima
|
|
Batting: LHB Anthony Mosley
|
0-0: Ball 1-0: Ground out 5-3 (Groundball, 56, EV 81.2 MPH)
|
|
Batting: RHB Jeremy Lewis
|
0-0: Ball 1-0: Ball 2-0: Called Strike 2-1: Fly out, F5 (Line Drive, 5L, EV 70.0 MPH)
|
|
Batting: RHB Steve Byerly
|
0-0: Ball 1-0: Ball 2-0: Foul Ball, location: 2F 2-1: Foul Ball, location: 2F 2-2: Ball 3-2: Foul Ball, location: 2F 3-2: Foul Ball, location: 2F 3-2: Foul Ball, location: 2F 3-2: Strikes out swinging
|
| Top of the 8th over - 0 runs, 0 hits, 0 errors, 0 left on base; Chicago (NYP) 1 - Vermont 0 |
| BOTTOM OF THE 8TH |
|
Vermont Lake Monsters batting - Pitching for Chicago (NYP) White Sox : RHP Eddie Usrey
|
|
Batting: LHB Felipe Gomez
|
0-0: Ball 1-0: Ground out 4-3 (Groundball, 34, EV 80.6 MPH)
|
|
Batting: RHB Ryan Jennings
|
0-0: Ball 1-0: Called Strike 1-1: Ground out 6-3 (Groundball, 6M, EV 100.6 MPH)
|
|
Batting: SHB Mike Kirk
|
0-0: Called Strike 0-1: Called Strike 0-2: Strikes out swinging
|
| Bottom of the 8th over - 0 runs, 0 hits, 0 errors, 0 left on base; Chicago (NYP) 1 - Vermont 0 |
| TOP OF THE 9TH |
|
Chicago (NYP) White Sox batting - Pitching for Vermont Lake Monsters : LHP Steve Lima
|
|
Batting: RHB Shintaro Katsumata
|
0-0: Called Strike 0-1: Ground out 4-3 (Groundball, 4, EV 85.6 MPH)
|
|
Batting: RHB Sean Peake
|
0-0: Called Strike 0-1: Ball 1-1: Ball 2-1: Ball 3-1: Base on Balls
|
|
Pitching: RHP Luis Stuit
|
|
|
Batting: RHB Yorkis Saiki
|
0-0: Foul Ball, location: 2F 0-1: Foul Ball, location: 2F 0-2: Ball 1-2: Foul Ball, location: 2F 1-2: Ball 2-2: Ball 3-2: Strikes out swinging Sean Peake steals 2nd, throwing error, E2 Sean Peake to third
|
|
Pinch Hitting: SHB Manny Berrones
|
0-0: Ground out 4-3 (Groundball, 4, EV 79.4 MPH)
|
| Top of the 9th over - 0 runs, 0 hits, 1 error, 1 left on base; Chicago (NYP) 1 - Vermont 0 |
| BOTTOM OF THE 9TH |
|
Vermont Lake Monsters batting - Pitching for Chicago (NYP) White Sox : RHP Eddie Usrey
|
|
Now at 1B: Tyrell Camp
|
|
|
Now at 3B: Kasey Bland
|
|
|
Now in LF: Bastiaan Leenders
|
|
|
Now in RF: Jarno van Lente
|
|
|
Batting: RHB Ricardo Claros
|
0-0: Ball 1-0: Swinging Strike 1-1: Ground out 5-3 (Groundball, 5, EV 90.6 MPH)
|
|
Batting: SHB Steve Salafia
|
0-0: Called Strike 0-1: Ball 1-1: Foul Ball, location: 2F 1-2: Ball 2-2: Ball 3-2: Ground out 4-3 (Groundball, 34D, EV 88.8 MPH)
|
|
Batting: RHB Amare Brown
|
0-0: Foul Ball, location: 2F 0-1: Called Strike 0-2: Ball 1-2: Foul Ball, location: 2F 1-2: Ball 2-2: Strikes out swinging
|
| Bottom of the 9th over - 0 runs, 0 hits, 0 errors, 0 left on base; Chicago (NYP) 1 - Vermont 0 |
|